AoeStats
← xlalox corona

Arena

504922819Analyzed
4v4 RM · 24d ago on Sep 7, 2026· 41m 35s· 8 players
Game mode
Random Map
Map size
Large (8 player)
Population
200
Speed
Normal
Resources
Standard
Victory
Conquest
Starting age
Dark Age
Ending age
Imperial Age
RankedLock teamsTeams togetherTeam positionsShared explorationLock speedFull tech treeHidden civsTurbo modeCheats
Victory
Defeat
🇸🇬 Burmese · Singapore
1701
+8
🇨🇳 Spanish · China
1663
+9
🇦🇷 Vietnamese · Argentina
1509
+15
🇨🇳 Poles · China
1276
+24
🇲🇽 Hindustanis · Mexico
1560
-17
🇲🇽 Persians · Mexico
1489
-14
🇲🇽 Bulgarians · Mexico
1459
-13
🇲🇽 Byzantines · Mexico
1456
-12
xlalox corona
10:31 Feudal Age
11:46 Wheelbarrow
15:28 Castle Age
13:35 Double-Bit Axe
14:08 Horse Collar
16:34 Bow Saw
22:59 Fletching
23:16 Scale Mail Armor
23:22 Loom
24:05 Bodkin Arrow
25:01 Chain Mail Armor
24:52 Heavy Plow
25:32 Wheelbarrow
28:26 Town Watch
29:51 Forging
33:26 Imperial Age
32:55 Iron Casting
32:24 Squires
35:38 Padded Archer Armor
37:02 Chemistry
36:41 Leather Archer Armor
37:12 Hand Cart
38:04 Bracer
Wolobo
10:54 Feudal Age
15:02 Castle Age
13:23 Double-Bit Axe
14:26 Loom
14:52 Forging
15:40 Town Watch
16:19 Scale Mail Armor
16:46 Fletching
19:35 Scale Barding Armor
23:54 Bodkin Arrow
25:45 Chain Barding Armor
35:10 Imperial Age
35:52 Chain Mail Armor
36:12 Iron Casting
35:57 Squires
35:42 Gambesons
37:22 Plate Mail Armor
37:57 Blast Furnace
38:22 Wheelbarrow
37:28 Pikeman
39:09 Plate Barding Armor
38:31 Stone Mining
38:33 Gold Mining
40:01 Gold Shaft Mining
39:08 Horse Collar
39:40 Bow Saw
39:21 Light Cavalry
41:18 Hand Cart
GAX | xlaloxsyntek
9:48 Loom
11:34 Feudal Age
15:50 Castle Age
13:43 Double-Bit Axe
13:58 Horse Collar
Lady D
4:56 Loom
10:45 Feudal Age
15:26 Castle Age
13:14 Double-Bit Axe
13:19 Horse Collar
18:01 Bow Saw
21:24 Wheelbarrow
22:18 Heavy Plow
25:58 Gold Mining
26:39 Hand Cart
27:47 Gold Shaft Mining
30:15 Imperial Age
28:11 Forging
28:07 Scale Barding Armor
28:00 Stone Mining
29:05 Iron Casting
28:57 Scale Mail Armor
29:17 Chain Barding Armor
29:01 Husbandry
29:11 Bloodlines
30:15 Town Watch
30:12 Cavalier
32:30 Blast Furnace
32:05 Plate Barding Armor
31:45 Savar
33:38 Fletching
33:48 Padded Archer Armor
37:48 Stone Shaft Mining
37:17 Town Patrol
37:15 Bodkin Arrow
38:37 Heated Shot
39:07 Ballistics
39:52 Chemistry
39:10 Leather Archer Armor
Backspace
5:04 Loom
10:24 Feudal Age
10:47 Loom
11:07 Double-Bit Axe
14:11 Castle Age
17:38 Loom
19:45 Padded Archer Armor
24:41 Wheelbarrow
24:46 Bow Saw
25:07 Gold Mining
29:35 Hand Cart
30:18 Town Watch
31:59 Bloodlines
32:19 Husbandry
35:05 Imperial Age
34:53 Stone Mining
35:20 Elite Conquistador
36:16 Leather Archer Armor
38:40 Ring Archer Armor
38:52 Coinage
40:08 Scale Barding Armor
巨大豚
9:46 Feudal Age
10:33 Double-Bit Axe
13:13 Horse Collar
14:21 Wheelbarrow
14:02 Fletching
15:08 Town Watch
16:43 Loom
20:13 Castle Age
19:40 Gold Mining
20:34 Crossbowman
21:10 Bodkin Arrow
22:19 Bow Saw
30:19 Heavy Plow
33:39 Imperial Age
32:16 Scale Mail Armor
32:26 Forging
32:41 Stone Mining
33:20 Squires
34:39 Chain Mail Armor
34:59 Iron Casting
34:26 Elite Fire Lancer
40:37 Hand Cart
夜语夕言守赢了
5:21 Loom
11:51 Feudal Age
12:54 Double-Bit Axe
12:51 Horse Collar
15:47 Castle Age
18:59 Heavy Plow
22:05 Bow Saw
25:29 Wheelbarrow
26:34 Scale Barding Armor
29:49 Imperial Age
27:41 Bloodlines
28:57 Szlachta Privileges
29:08 Forging
29:34 Chain Barding Armor
29:43 Husbandry
29:45 Gold Mining
30:16 Hand Cart
30:57 Conscription
32:10 Iron Casting
31:28 Cavalier
32:40 Scale Mail Armor
32:05 Pikeman
32:47 Squires
34:04 Crop Rotation
33:40 Caravan
34:47 Chain Mail Armor
36:41 Plate Mail Armor
38:28 Blast Furnace
37:47 Stone Mining
37:50 Fletching
38:20 Light Cavalry
38:46 Elite Obuch
40:13 Stone Shaft Mining
39:12 Winged Hussar
41:20 Lechitic Legacy
Arietta Fine
11:45 Feudal Age
12:29 Horse Collar
15:23 Castle Age
16:14 Heavy Plow
18:19 Wheelbarrow
24:52 Hand Cart
24:39 Gold Mining
28:22 Imperial Age
26:33 Scale Mail Armor
26:35 Padded Archer Armor
27:24 Gold Shaft Mining
26:42 Stone Mining
26:41 Loom
27:32 Ballistics
27:06 Treadmill Crane
27:45 Squires
28:30 Chain Mail Armor
28:26 Forging
29:37 Crop Rotation
29:51 Plate Mail Armor
29:57 Iron Casting
29:40 Bloodlines
30:07 Conscription
29:35 Man-at-Arms
30:01 Gambesons
30:01 Arson
32:05 Chemistry
30:30 Long Swordsman
32:25 Blast Furnace
31:15 Two-Handed Swordsman
32:08 Champion
33:46 Guilds
34:23 Parthian Tactics
33:56 Elite Arambai
36:04 Coinage
36:28 Siege Engineers
36:01 Pikeman
36:48 Scale Barding Armor
36:34 Fletching
37:33 Banking
39:34 Husbandry
Connection lost

Rejoining the realm…

Still unreachable

The connection could not be restored.

Session expired

The server has moved on; the page needs a fresh start.